 Dungeon Crawl Stone Soup version 0.31-a0-524-g2a164cf6a2 (webtiles) character file.

Game seed: 1425400719049715893

5296 AdnanSaban the Basher (level 10, -1/61 HPs)
             Began as a Gargoyle Fighter on Aug 12, 2023.
             Was a High Priest of Okawaru.
             Killed by divine providence
             ... invoked by an orc priest
              (11 damage)
             ... on level 8 of the Dungeon.
             The game lasted 00:10:43 (7978 turns).

AdnanSaban the Basher (Gargoyle Fighter)            Turns: 7978, Time: 00:10:43

Health: -1/61      AC: 31    Str: 25    XL:     10   Next: 63%
Magic:  11/11      EV:  9    Int:  8    God:    Okawaru [*****.]
Gold:   380        SH: 10    Dex:  9    Spells: 9/9 levels left

rFire   . . .        s - +1 flail (protect)
rCold   . . .        c - +0 buckler
rNeg    + . .        G - +4 chain mail
rPois   ∞            (no helmet)
rElec   +            (no cloak)
rCorr   .            e - +0 pair of gloves
SInv    .            h - +0 pair of boots
Will    .....        f - amulet of reflection Stlth
                     (no ring)
HPRegen 0.30/turn    (no ring)
MPRegen 0.12/turn

%: reflection
@: under a protective aura
A: sickness immunity, AC +7, negative energy resistance 1, electricity
resistance, torment resistance 1, petrification resistance
a: Renounce Religion, Heroism, Finesse, Duel


You were on level 8 of the Dungeon.
You worshipped Okawaru.
Okawaru was extremely pleased with you.
You visited 2 branches of the dungeon, and saw 10 of its levels.

You collected 380 gold pieces.

Inventory:

Hand Weapons
 r - a +0 morningstar
 s - a +1 flail of protection (weapon)
Missiles
 w - 8 poisoned darts (quivered)
 F - 5 boomerangs
Armour
 c - a +0 buckler (worn)
 e - a +0 pair of gloves (worn)
 h - a +0 pair of boots (worn)
 G - a +4 chain mail (worn)
Jewellery
 f - an amulet of reflection (around neck)
Wands
 m - a wand of polymorph (11)
 y - a wand of light (5)
 A - a wand of roots (20)
Scrolls
 a - a scroll of poison {unknown}
 g - 2 scrolls of blinking {unknown}
 i - a scroll of enchant weapon {unknown}
 k - 4 scrolls of identify {unknown}
 n - 4 scrolls of teleportation {unknown}
 o - a scroll of immolation {unknown}
 q - a scroll of silence {unknown}
 t - a scroll of torment {unknown}
 v - 3 scrolls of summoning {unknown}
 B - 2 scrolls of amnesia {unknown}
 C - a scroll of revelation {unknown}
 D - 2 scrolls of noise {unknown}
 E - a scroll of brand weapon {unknown}
Potions
 b - a potion of enlightenment {unknown}
 d - 3 potions of might
 j - 4 potions of brilliance {unknown}
 l - 8 potions of curing {unknown}
 p - 2 potions of resistance {unknown}
 u - 3 potions of heal wounds {unknown}
 x - 3 potions of cancellation {unknown}
 z - 2 potions of attraction {unknown}
 H - a potion of mutation {unknown}


   Skills:
 + Level 6.6 Fighting
 + Level 9.7 Maces & Flails
 + Level 1.3 Throwing
 + Level 6.9 Armour
 + Level 4.1 Dodging
 + Level 0.8 Stealth
 + Level 8.7 Shields
 * Level 2.3 Invocations


You had 9 spell levels left.
You didn't know any spells.
Your spell library contained the following spells:

 Spells                   Type           Power      Damage    Failure   Level
 Apportation              Tloc           0%         N/A       93%         1
 Necrotise                Necr           0%         1d4       93%         1
 Gell's Gravitas          Tloc           0%         N/A       100%        3
 Teleport Other           Tloc           0%         N/A       100%        3
 Dispersal                Tloc           0%         N/A       100%        6
 Summon Small Mammal      Summ           Unusable   N/A       N/A         1

Dungeon Overview and Level Annotations

Branches:
Dungeon (9/15)             Temple (1/1) D:4            Lair (0/5) D:8
    Orc: D:9-12

Altars:
Ashenzari
Cheibriados
Dithmenos
Elyvilon
Fedhas
Gozag
Hepliaklqana
Kikubaaqudgha
Nemelex Xobeh
Okawaru
Qazlal
Ru
Sif Muna
Trog
Uskayaw
Wu Jian
Xom
Yredelemnul
The Shining One
Lugonu

Shops:
D:8 =

Annotations:
D:7 2 transporters, confidenceinterval's ghost, novice MfSh


Innate Abilities, Weirdness & Mutations

You are immune to sickness and miasma.
Your stone body is resilient. (AC +7)
You are immune to poison.
You resist negative energy. (rN+)
You are resistant to electric shocks. (rElec)
You are resistant to unholy torment.
You are immune to petrification.


Message History

You are too injured to fight recklessly!
You are too injured to fight recklessly!
You are too injured to fight recklessly!
You are too injured to fight recklessly!
You barely miss the hornet.
The hornet is severely wounded.
The hornet misses you. The hornet stings you.
* * * LOW HITPOINT WARNING * * *
You block the orc priest's attack.
You hit the hornet but do no damage.
The hornet is severely wounded.
The hornet stings you but does no damage.
The orc priest hits you but does no damage.
You barely miss the hornet.
The hornet is severely wounded.
The hornet stings you!
* * * LOW HITPOINT WARNING * * *
The hornet barely misses you.
You closely miss the hornet.
The hornet is severely wounded.
The orc priest barely misses you. You block the hornet's attack.
You sock the hornet!
The hornet is almost dead.
You block the hornet's attack. The orc priest closely misses you.
The hornet stings you but does no damage.
You hit the hornet.
You kill the hornet!
Okawaru accepts your kill. You block the orc priest's attack.
You hit the orc priest.
The orc priest is lightly wounded.
You block the orc priest's attack.
You hit the orc priest but do no damage.
The orc priest is lightly wounded.
You block the orc priest's attack.
You thump the orc priest!
The orc priest is almost dead.
The orc priest mumbles some strange prayers to Beogh against you.
Beogh smites you!
You die...

##....∩...##
#..........#
#..........#
#..........#
#..........#
#..........#
##........##
#o.........#
#.@........# #####
#..........###...##
#.................#
#........).........
##........##.......
##......###.......
############
#....... ##.....##
#.......
##.......##
#.......


You could see an orc priest.

Vanquished Creatures
  Pikel (D:5)
  A hornet (D:8)
  3 slime creatures (D:8)
  A wyvern (D:8)
  3 steam dragons
  4 water moccasins
  4 sky beasts
  An ice beast (D:5)
  An orc warrior (D:7)
  3 ogres
  A black bear (D:7)
  A lemure (D:5)
  A phantom (D:4)
  3 centaurs
  3 bullfrogs
  A gnoll sergeant (D:6)
  3 scorpions
  A water moccasin zombie (D:5)
  A wight (D:7)
  A killer bee (D:4)
  3 howler monkeys (D:7)
  2 bullfrog zombies (D:5)
  6 hounds
  A centaur zombie (D:5)
  A gnoll bouda (D:4)
  8 orc priests
  A jelly (D:7)
  A sleepcap (D:5)
  2 iguanas (D:4)
  6 orc wizards
  2 scorpion zombies (D:5)
  A mummy (D:6)
  12 gnolls
  11 adders
  2 river rats (D:6)
  A shadow imp (D:6)
  A white imp (D:7)
  An ufetubus (D:7)
  An adder zombie (D:2)
  5 worms
  2 dart slugs
  24 orcs
  10 ball pythons
  8 bats
  10 endoplasms
  8 giant cockroaches
  19 goblins
  9 hobgoblins
  4 jackals
  2 quokkas (D:4)
  2 ball python skeletons (D:2)
  4 frilled lizards
  A giant cockroach zombie (D:2)
  8 kobolds
  8 rats
225 creatures vanquished.

Vanquished Creatures (others)
  An orc wizard (D:3)
1 creature vanquished.

Grand Total: 226 creatures vanquished

Notes
Turn   | Place    | Note
-------+----------+-------------------------------------------
     0 | D:1      | AdnanSaban the Gargoyle Fighter began the quest for the
                  | Orb.
     0 | D:1      | Reached XP level 1. HP: 14/14 MP: 1/1
    73 | D:1      | Reached XP level 2. HP: 12/19 MP: 2/2
   117 | D:1      | Found a faded altar of an unknown god.
   531 | D:1      | Reached XP level 3. HP: 24/24 MP: 3/3
  1329 | D:2      | Reached XP level 4. HP: 27/29 MP: 4/4
  1750 | D:3      | Reached skill level 3 in Maces & Flails
  1776 | D:3      | Reached XP level 5. HP: 33/33 MP: 5/5
  1901 | D:3      | Reached skill level 4 in Maces & Flails
  2030 | D:3      | Found a hazy altar of Hepliaklqana.
  2076 | D:3      | Reached skill level 1 in Dodging
  2190 | D:3      | Reached XP level 6. HP: 19/38 MP: 6/6
  2643 | D:4      | Found a staircase to the Ecumenical Temple.
  2670 | Temple   | Entered the Ecumenical Temple
  2683 | Temple   | Became a worshipper of Warmaster Okawaru
  2792 | D:4      | Found an opulent altar of Gozag.
  2792 | D:4      | Found a sparkling altar of Nemelex Xobeh.
  2899 | D:4      | Reached skill level 5 in Maces & Flails
  2910 | D:4      | Reached XP level 7. HP: 24/43 MP: 7/7
  3051 | D:4      | Reached * piety under Okawaru
  3528 | D:4      | Found a white marble altar of Elyvilon.
  3770 | D:5      | Entered Level 5 of the Dungeon
  3810 | D:5      | Found a basalt altar of Yredelemnul.
  3818 | D:5      | Reached skill level 6 in Maces & Flails
  3832 | D:5      | Reached skill level 5 in Shields
  3843 | D:5      | Reached XP level 8. HP: 45/48 MP: 8/8
  3915 | D:5      | Reached ** piety under Okawaru
  3922 | D:5      | Reached skill level 5 in Fighting
  3925 | D:5      | Reached skill level 7 in Maces & Flails
  4230 | D:5      | Found a shimmering blue altar of Sif Muna.
  4330 | D:5      | Found a broken altar of Ashenzari.
  4588 | D:6      | Found a snail-covered altar of Cheibriados.
  4623 | D:6      | Noticed Pikel
  4627 | D:6      | Reached skill level 5 in Armour
  4795 | D:5      | Killed Pikel
  4795 | D:5      | Reached *** piety under Okawaru
  4796 | D:5      | Reached XP level 9. HP: 43/54 MP: 9/9
  4893 | D:6      | Found a shadowy altar of Dithmenos.
  5104 | D:5      | Reached skill level 8 in Maces & Flails
  5267 | D:6      | You fall into a shaft and drop 2 floors!
  5330 | D:7      | Noticed confidenceinterval's ghost (novice MfSh)
  5334 | D:7      | Found a transporter.
  5337 | D:7      | Found a transporter.
  5428 | D:7      | Reached skill level 1 in Throwing
  5614 | D:7      | Reached **** piety under Okawaru
  6013 | D:7      | Found a bloodstained altar of Trog.
  6084 | D:7      | Reached XP level 10. HP: 59/60 MP: 10/10
  6208 | D:7      | Reached skill level 9 in Maces & Flails
  6340 | D:7      | Found an ancient bone altar of Kikubaaqudgha.
  7048 | D:8      | Reached skill level 1 in Invocations
  7266 | D:8      | Found a staircase to the Lair.
  7622 | D:8      | Reached ***** piety under Okawaru
  7759 | D:8      | Found Gywy's Jewellery Boutique.
  7978 | D:8      | Killed from afar by an orc priest

Illustrated notes

Levels and vault maps discovered:
D:1:      lightli_iron_boxes, layout_loops_corners,
          chequers_ecumenical_altar_island, minmay_misc_feat_tiny
D:2:      minmay_evil_eye, layout_basic, serial_undead, serial_undead_d,
          serial_undead_f, serial_undead_c, serial_undead_d,
          hangedman_decor_growths
D:3:      cheibrodos_pilgrimage, layout_basic, general_overflow_altar
D:4:      minmay_clustersquares, layout_cave_pools,
          grunt_temple_overflow_opulence, elyvilon_altar_1,
          minmay_temple_entry_large_hall
D:5:      layout_gridville, nicolae_yredelemnul_corpse_copse,
          kennysheep_orc_sif_temple, lemuel_coloured_pillars_altar,
          chequers_serial_rivers_marsh, kennysheep_doodads
D:6:      layout_rooms, slow_altar_1, nicolae_dithmenos_through_a_glass_darkly,
          lightli_sewer_entry_pipes, minmay_ogre_servants, uniq_pikel
D:7:      minmay_general_purpose_star, layout_basic, trog_hazing_becter,
          mainiacjoe_overflow_alcove_2, gammafunk_ghost_arena
D:8:      layout_rooms, lair_entry_dummy, serial_shops, shop
D:9:      layout_cave_pools, enter_bailey_5, uniq_psyche
Temple:   corrupted_temple

Skill      XL: |  1  2  3  4  5  6  7  8  9 10 |
---------------+-------------------------------+-----
Shields        | 4 5 6 8 |  8.7
Maces & Flails | 3 4 5 6 7 8 9 |  9.7
Dodging        | 1 2 3 4 |  4.1
Fighting       | 4 5 6 |  6.6
Armour         | 4 5 6 |  6.9
Throwing       | 1 |  1.3
Invocations    | 2 |  2.3
Stealth        | |  0.8

Action                     |  1- 3 |  4- 6 |  7- 9 | 10-12 || total
---------------------------+-------+-------+-------+-------++-------
  Melee: Flail             |   142 |   154 |   449 |   285 ||  1030
         Morningstar       |       |     7 |       |       ||     7
  Throw: Dart              |       |       |     4 |       ||     4
 Armour: Scale mail        |    81 |    96 |   206 |       ||   383
         Chain mail        |       |       |    62 |   234 ||   296
  Dodge: Dodged            |    63 |    77 |   229 |    79 ||   448
  Block: Buckler           |    63 |    96 |   295 |   147 ||   601
         Reflection        |     1 |       |    10 |       ||    11

Table legend: (Time is in decaauts)
 A = Elapsed time spent in this place.
 B = Non-inter-level travel time spent in this place.
 C = Inter-level travel time spent in this place.
 D = Time resting spent in this place.
 E = Time spent auto-exploring this place.
 F = Levels seen in this place.
 G = Mean time per level.
                   A        B        C        D        E       F      G
               +--------+--------+--------+--------+--------+-----+--------+
         Total |   8124 |   7701 |    423 |    446 |   5249 |  10 |  812.4 |
       Dungeon |   8097 |   7698 |    399 |    446 |   5249 |   9 |  899.7 |
        Temple |     26 |      2 |     24 |      0 |      0 |   1 |   26.0 |
               +--------+--------+--------+--------+--------+-----+--------+

Top non-repeatable levels by time:
     D:7: 1311 daAuts
     D:3: 1176 daAuts
     D:1: 1093 daAuts
     D:6: 1025 daAuts
     D:5: 1022 daAuts
     D:4: 977 daAuts
     D:8: 889 daAuts
     D:2: 596 daAuts
  Temple: 26 daAuts
     D:9: 4 daAuts
